 Dungeon Crawl Stone Soup version 0.20-a0-1000-g0e8f6bb (webtiles) character file.

218 Nek the Conjurer (level 5, -1/38 HPs)
             Began as a Draconian Conjurer on Apr 12, 2017.
             Was an Initiate of Vehumet.
             Slain by a centaur (9 damage)
             ... on level 5 of the Dungeon.
             The game lasted 00:10:45 (3992 turns).

Nek the Conjurer (Draconian Conjurer)               Turns: 3992, Time: 00:10:46

Health: -1/38      AC:  5    Str: 10    XL:     5   Next: 63%
Magic:  6/9        EV: 12    Int: 16    God:    Vehumet [......]
Gold:   123        SH:  0    Dex: 12    Spells: 5/10 levels left

rFire    . . .     SeeInvis .   c - +2 flail (protect)
rCold    . . .     Gourm    .   (no shield)
rNeg     . . .     Faith    .   (armour unavailable)
rPois    .         Spirit   .   (helmet restricted)
rElec    .         Reflect  .   (no cloak)
rCorr    .         Harm     .   (no gloves)
MR       .....                  (no boots)
Stlth    ++........             (no amulet)
Regen    0.2/turn               (no ring)
MPRegen  0.2/turn               (no ring)

@: no status effects
A: unfitting armour, cold-blooded, AC +5
a: Renounce Religion


You were on level 5 of the Dungeon.
You worshipped Vehumet.
Vehumet was noncommittal.
You were not hungry.

You visited 1 branch of the dungeon, and saw 5 of its levels.

You collected 123 gold pieces.

Inventory:

Hand Weapons
 c - a +2 flail of protection (weapon)
 d - a +0 short sword
 l - a cursed -1 short sword
 m - a +3 dagger
 o - a +3 dagger of draining
Jewellery
 k - an uncursed ring of see invisible {unknown}
 q - an uncursed amulet of faith
 t - a +6 amulet of reflection {unknown}
Wands
 g - a wand of paralysis (13/24)
Scrolls
 e - a scroll of remove curse
 i - 4 scrolls of teleportation
 s - a scroll of identify
 u - a scroll of enchant weapon
Potions
 f - a potion of berserk rage {unknown}
 h - a potion of haste {unknown}
 j - a potion of agility {unknown}
 n - 2 potions of heal wounds
Books
 a - a book of Conjurations

   Spells                             Type                      Level
   a - Magic Dart                     Conjuration                  1
   b - Searing Ray                    Conjuration                  2
   c - Dazzling Spray                 Conjuration/Hexes            3
   d - Fulminant Prism                Conjuration/Hexes            4
   e - Force Lance                    Conjuration/Translocation    4
   f - Iskenderun's Mystic Blast      Conjuration                  4
Comestibles
 b - 2 bread rations
 p - a meat ration
 r - a fruit


   Skills:
 - Level 1.7 Dodging
 - Level 1.7 Stealth
 + Level 3.0 Spellcasting
 + Level 6.4 Conjurations


You had 5 spell levels left.
You knew the following spells:

 Your Spells              Type           Power        Failure   Level  Hunger
a - Magic Dart            Conj           ###.         1%          1    #......
b - Iskenderun's Mystic   Conj           ###.....     14%         4    #####..


Dungeon Overview and Level Annotations

Branches:
Dungeon (4/15)
 Temple: D:4-7

Altars:
Elyvilon
Nemelex Xobeh
Qazlal
Ru
Sif Muna
Uskayaw
Vehumet
Yredelemnul


Innate Abilities, Weirdness & Mutations

Your plain brown scales are hard. (AC +5)
You cannot fit into any form of body armour.
You are cold-blooded and may be slowed by cold attacks.


Message History

The centaur hits you. x2
* * * LOW HITPOINT WARNING * * *
Casting: Magic Dart
Confirm with . or Enter, or press ? or * to list all spells.
Aiming: Magic Dart
Press: ? - help, Shift-Dir - straight line, f/p - centaur
Aim: a centaur (lightly wounded)
The magic dart hits the centaur.
The centaur is moderately wounded.
The centaur hits you.
* * * LOW HITPOINT WARNING * * *
Casting: Magic Dart
Confirm with . or Enter, or press ? or * to list all spells.
Aiming: Magic Dart
Press: ? - help, Shift-Dir - straight line, f/p - centaur
Aim: a centaur (moderately wounded)
The magic dart hits the centaur.
The centaur is heavily wounded.
The centaur hits you!
You die...

..###### # #. ##
.Z..#.# # #.# .#
#....# # #..# ##.
####..# ...# #.#
#.##..# #..# ##.#
##....## #..##..#
##.....##
#.....#####...##..## #
.
#...c@......###...####
..## ##.###.....##
##...##. .....####(.#
#####..# ##.....
#.........# #..#
#...... ###.......#
#...##...(...
###.....#
....#........
###.......
........>...# ........
..........###
.............###....##


You could see a centaur.

Vanquished Creatures
  An iguana (D:3)
  Natasha (thrice) (D:3)
  A hound skeleton (D:5)
  4 adders
  A dart slug (D:2)
  13 orcs (D:3)
  A ball python (D:3)
  6 bats
  2 giant cockroaches
  6 goblins
  5 hobgoblins
  7 frilled lizards
  5 kobolds
  7 rats
62 creatures vanquished.

Notes
Turn   | Place    | Note
-------+----------+-------------------------------------------
     0 | D:1      | Nek the Draconian Conjurer began the quest for the Orb.
     0 | D:1      | Reached XP level 1. HP: 14/14 MP: 3/3
   520 | D:1      | Reached XP level 2. HP: 20/20 MP: 3/5
  1166 | D:2      | Reached skill level 5 in Conjurations
  1166 | D:2      | Reached XP level 3. HP: 26/26 MP: 1/6
  1385 | D:2      | Found a stormy altar of Qazlal.
  2467 | D:3      | Reached XP level 4. HP: 33/33 MP: 5/7
  2480 | D:3      | Learned a level 4 spell: Iskenderun's Mystic Blast
  2535 | D:3      | Found a white marble altar of Elyvilon.
  2713 | D:3      | Found a deep blue altar of Sif Muna.
  2713 | D:3      | Found a radiant altar of Vehumet.
  2720 | D:3      | Found a sparkling altar of Nemelex Xobeh.
  2722 | D:3      | Found a sacrificial altar of Ru.
  2723 | D:3      | Found a hide-covered altar of Uskayaw.
  2744 | D:3      | Became a worshipper of Vehumet
  2898 | D:3      | Reached skill level 6 in Conjurations
  3050 | D:3      | Found a faded altar of an unknown god.
  3208 | D:3      | Found a basalt altar of Yredelemnul.
  3210 | D:3      | Noticed Natasha
  3213 | D:3      | Killed Natasha
  3213 | D:3      | Reached XP level 5. HP: 38/38 MP: 4/8
  3393 | D:3      | Noticed Natasha
  3407 | D:3      | Killed Natasha
  3690 | D:3      | Noticed Natasha
  3698 | D:3      | Killed Natasha
  3766 | D:4      | You fall through a shaft!
  3766 | D:5      | Entered Level 5 of the Dungeon
  3978 | D:5      | Noticed a centaur
  3992 | D:5      | Slain by a centaur

Vault maps used:
D:1:      dpeg_arrival_tiny_a, minmay_gold_behind_fungi, fountainhead,
          kennysheep_small_spiral, roderic_roman_lattice
D:2:      lemuel_crystal_altar
D:3:      kennysheep_ying_yang, chequers_temple_overflow_minitemple,
          chequers_ecumenical_altar_simple_redux, uniq_natasha
D:4:      minmay_temple_entry_trees, first_bread

Skill      XL: |  1  2  3  4  5 |
---------------+----------------+-----
Conjurations   | 5 6 |  6.4
Spellcasting   | 3 |  3.0
Dodging        | |  1.7
Stealth        | |  1.7

Action                   |  1- 3 |  4- 6 || total
-------------------------+-------+-------++-------
Melee: Short sword       |     5 |       ||     5
       Dagger            |    11 |       ||    11
       Flail             |    15 |    35 ||    50
       Tailslap          |     2 |     4 ||     6
 Cast: Magic Dart        |    79 |    69 ||   148
  Use: Scroll            |     7 |     1 ||     8
       Potion            |     1 |       ||     1
 Stab: Sleeping          |     1 |       ||     1
  Eat: Chunk             |     6 |     6 ||    12
Armor: Skin              |    17 |    16 ||    33
Dodge: Dodged            |    32 |    36 ||    68
